 Dungeon Crawl Stone Soup version 0.19-a0-1457-g32fba05 (webtiles) character file.

168 Xiaoo the Digger (level 5, -2/28 HPs)
             Began as a Gargoyle Earth Elementalist on Sept 6, 2016.
             Killed by divine providence
             ... invoked by an orc priest
              (15 damage)
             ... on level 2 of the Dungeon.
             The game lasted 00:13:06 (3582 turns).

Xiaoo the Digger (Gargoyle Earth Elementalist)      Turns: 3582, Time: 00:13:07

Health: -2/28      AC:  9    Str: 11    XL:     5   Next: 48%
Magic:  2/11       EV: 12    Int: 17    God:
Gold:   133        SH:  0    Dex: 14    Spells: 2 memorised, 8 levels left

rFire  + . .     SeeInvis .     b - 64 stones
rCold  + . .     Gourm    .     q - +2 robe {rC+ rF+}
rNeg   + . .     Faith    .     (no shield)
rPois  ∞         Spirit   .     x - +0 helmet
rElec  +         Dismiss  .     (no cloak)
rCorr  .         Reflect  .     (no gloves)
MR     .....     Harm     .     (no boots)
Stlth  ++........ Rnd*Tele +    (no amulet)
                                u - +4 ring of dexterity
                                k - ring of teleportation (curse)

@: very slightly contaminated
A: negative energy resistance 1, electricity resistance, unbreathing,
petrification resistance, rot immunity, AC +4
a: no special abilities


You were on level 2 of the Dungeon.
You were not hungry.

You visited 1 branch of the dungeon, and saw 3 of its levels.

You collected 133 gold pieces.

Inventory:

Hand Weapons
 h - a +1 whip
 i - a +0 whip
 l - a +0 short sword
 p - a +0 mace
 w - a +2 whip of distortion
Missiles
 b - 64 stones (in hand)
Armour
 a - a cursed +0 leather armour
 c - a +0 robe
 q - a +2 robe of resistance (worn)
 x - a +0 helmet (worn)
Jewellery
 k - a cursed ring of teleportation (left hand)
 m - an uncursed ring of ice
 u - a +4 ring of dexterity (right hand)
Wands
 o - a wand of flame (45/48)
 v - a wand of confusion (15/48)
Potions
 f - a potion of degeneration {unknown}
 g - a potion of heal wounds {unknown}
 n - a potion of ambrosia {unknown}
 s - 2 potions of curing
Books
 e - a book of Geomancy

   Spells                             Type                      Level
   a - Sandblast                      Earth                        1
   b - Passwall                       Transmutation/Earth          2
   c - Stone Arrow                    Conjuration/Earth            3
   d - Petrify                        Transmutation/Earth          4
   e - Lee's Rapid Deconstruction     Earth                        5
Comestibles
 d - 3 bread rations
 j - a meat ration
 r - 2 slices of pizza
 t - 2 chunks of flesh


   Skills:
 - Level 1.5 Dodging
 - Level 2.1 Stealth
 * Level 4.1 Spellcasting
 + Level 1.4 Conjurations
   Level 0.7 Transmutations
 + Level 4.9 Earth Magic


You had 8 spell levels left.
You knew the following spells:

 Your Spells              Type           Power        Failure   Level  Hunger
a - Sandblast             Erth           ###...       2%          1    None
b - Stone Arrow           Conj/Erth      ##....       14%         3    ###....


Dungeon Overview and Level Annotations

Branches:
Dungeon (3/15)

Altars:
Dithmenos

Annotations:
D:2 Grinder


Innate Abilities, Weirdness & Mutations

You are resistant to torment.
Your stone body is resilient. (AC +4)
You are immune to poison.
You resist negative energy. (rN+)
You are resistant to electric shocks. (rElec)
You can survive without breathing.
You are immune to petrification.
You are immune to rotting.


Message History

You writhe in agony.
Casting: Sandblast
Confirm with . or Enter, or press ? or * to list all spells.
Aiming: Sandblast
Press: ? - help, Shift-Dir - straight line, f/p - Grinder
Aim: Grinder The rocky blast hits Grinder.
Grinder is lightly wounded.
Grinder hits you but does no damage.
Casting: Sandblast
Confirm with . or Enter, or press ? or * to list all spells.
Aiming: Sandblast
Press: ? - help, Shift-Dir - straight line, f/p - Grinder
Aim: Grinder (lightly wounded)
The rocky blast hits Grinder.
Grinder is lightly wounded.
The orc priest invokes the aid of Beogh against you.
Beogh smites you!
Ouch! That really hurt!
You die...

##.##########.....#####
.<.#..........[.......#
####.########.....###.#
.# #.# #.....# #.# .#
#.# ####.## #.# .# #.#
#.# #.# .# #.# #.# #.#
.# #.# #5# #.# .# #.#
#@# #.# .# #.# #o# #.#
.###.### #.####.####
.......# #...).....#
.###.#.# ######.##.# ##
#.#.# ##...#.# #.#.#
#.#.#..# #.#.# ##...#.#
#[#.######### ##.##.#


You could see Grinder and an orc priest.

Vanquished Creatures
  An orc priest (D:3)
  Robin (D:3)
  4 adders
  An ooze (D:1)
  A worm (D:2)
  A giant gecko (D:1)
  7 orcs
  3 bats
  4 giant cockroaches
  11 goblins
  15 hobgoblins
  2 jackals (D:1)
  10 kobolds
  A quokka (D:3)
  3 giant newts
  7 rats
72 creatures vanquished.

Notes
Turn   | Place    | Note
-------+----------+-------------------------------------------
     0 | D:1      | Xiaoo the Gargoyle Earth Elementalist began the quest for the Orb.
     0 | D:1      | Reached XP level 1. HP: 10/10 MP: 3/3
   141 | D:1      | Reached XP level 2. HP: 15/15 MP: 1/5
   836 | D:1      | Reached XP level 3. HP: 19/19 MP: 3/7
  1721 | D:2      | Learned a level 3 spell: Stone Arrow
  1944 | D:2      | Reached XP level 4. HP: 23/24 MP: 5/9
  2249 | D:2      | Found a shadowy altar of Dithmenos.
  2499 | D:2      | Found a faded altar of an unknown god.
  2613 | D:3      | Reached skill level 1 in Conjurations
  2625 | D:3      | Reached XP level 5. HP: 26/28 MP: 1/10
  2711 | D:3      | Noticed Grinder
  2735 | D:3      | Noticed Robin
  3554 | D:3      | Killed Robin
  3582 | D:2      | Killed from afar by an orc priest

Vault maps used:
D:1:      noname_arrival_rooms_in_the_neighbourhood, minmay_bisected
D:2:      lemuel_crystal_altar, ecumenical_altar_1
D:3:      fedhas_altar_2, uniq_grinder, uniq_robin

Skill      XL: |  1  2  3  4  5 |
---------------+----------------+-----
Spellcasting   | 3 4 |  4.1
Earth Magic    | 4 |  4.9
Conjurations   | 1 |  1.4
Dodging        | |  1.5
Stealth        | |  2.1
Transmutations | |  0.7

Action                   |  1- 3 |  4- 6 || total
-------------------------+-------+-------++-------
Melee: Whip              |    60 |    16 ||    76
 Cast: Sandblast         |    43 |    76 ||   119
Evoke: Wand              |       |     1 ||     1
  Use: Scroll            |     1 |     8 ||     9
  Eat: Chunk             |     3 |     5 ||     8
Armor: Robe              |    27 |    58 ||    85
Dodge: Dodged            |    43 |   111 ||   154
